 Dungeon Crawl Stone Soup version 0.31-a0-230-g09eb5fc4d3 (webtiles) character file.

Game seed: 4659981997556507370

186 qw the Shooter (level 5, -1/30 HPs)
             Began as a Gargoyle Hexslinger on July 6, 2023.
             Slain by Natasha (7 damage)
             ... on level 2 of the Dungeon.
             The game lasted 00:01:04 (1663 turns).

qw the Shooter (Gargoyle Hexslinger)                Turns: 1663, Time: 00:01:05

Health: -1/30      AC: 13    Str: 11    XL:     5   Next: 66%
Magic:  6/6        EV: 10    Int: 14    God:
Gold:   108        SH:  0    Dex: 14    Spells: 5/6 levels left

rFire   . . .        Y - +1 sling
rCold   . . .        (no shield)
rNeg    + . .        h - +3 ring mail
rPois   inf          (no helmet)
rElec   +            a - +0 cloak
rCorr   .            (no gloves)
SInv    .            (no boots)
Will    .....        (no amulet)
Stlth   +            (no ring)
HPRegen 0.25/turn    (no ring)
MPRegen 0.10/turn

%: no passive effects
@: no status effects
A: sickness immunity, AC +4, negative energy resistance 1, electricity
resistance, torment resistance 1, petrification resistance
a: no special abilities


You were on level 2 of the Dungeon.
You visited 1 branch of the dungeon, and saw 3 of its levels.

You collected 108 gold pieces.


Innate Abilities, Weirdness & Mutations

You are immune to sickness and miasma.
Your stone body is resilient. (AC +4)
You are immune to poison.
You resist negative energy. (rN+)
You are resistant to electric shocks. (rElec)
You are resistant to unholy torment.
You are immune to petrification.


   Skills:
 + Level 2.0 Fighting
 - Level 5.1 Ranged Weapons
 - Level 1.8 Armour
 - Level 1.5 Dodging
 - Level 1.0 Spellcasting
 - Level 2.6 Hexes


You had 5 spell levels left.
You knew the following spells:

 Your Spells              Type           Power      Damage    Failure   Level
a - Slow                  Hex            32%        N/A       21%         1

Your spell library contained the following spells:

 Spells                   Type           Power      Damage    Failure   Level
 Inner Flame              Hex/Fire       4%         N/A       71%         3
 Portal Projectile        Hex/Tloc       8%         N/A       71%         3
 Cause Fear               Hex            4%         N/A       90%         4

Inventory:

Hand Weapons
 Y - a +1 sling (weapon)
Armour
 a - a +0 cloak (worn)
 h - a +3 ring mail (worn)
Scrolls
 f - a scroll of identify
Potions
 b - a potion of heal wounds {unknown}
 d - a potion of brilliance {unknown}
 e - a potion of ambrosia {unknown}
 i - a potion of haste {unknown}

Dungeon Overview and Level Annotations

Branches:
Dungeon (3/15)

Altars:
Uskayaw

Annotations:
D:2 Natasha


Message History

The cerulean imp hits you but does no damage.
The cerulean imp barely misses you.
You shoot a sling bullet. The sling bullet barely misses Natasha.
The sling bullet misses the cerulean imp.
Natasha claws you but does no damage. The cerulean imp completely misses you.
The cerulean imp hits you from afar with a +2 spear.
You shoot a sling bullet.
The sling bullet closely misses Natasha.
The sling bullet closely misses the cerulean imp.
The cerulean imp barely misses you. Natasha closely misses you.
The cerulean imp hits you from afar with a +2 spear.
You shoot a sling bullet. The sling bullet hits Natasha.
Natasha is moderately wounded.
Natasha stares at you and mumbles some strange words.
The magic dart hits you.
The cerulean imp hits you but does no damage.
The cerulean imp closely misses you.
The cerulean imp hits you but does no damage.
Natasha misses you.
You shoot a sling bullet.
The sling bullet closely misses Natasha.
The sling bullet barely misses the cerulean imp.
The cerulean imp hits you but does no damage.
Natasha closely misses you.
The cerulean imp hits you but does no damage. x2
You shoot a sling bullet. The sling bullet hits Natasha.
Natasha is moderately wounded.
Natasha claws you but does no damage.
The cerulean imp hits you but does no damage. x2
You shoot a sling bullet. The sling bullet barely misses Natasha.
The sling bullet barely misses the cerulean imp.
The cerulean imp hits you but does no damage.
Natasha barely misses you.
The cerulean imp hits you but does no damage.
You shoot a sling bullet. The sling bullet hits Natasha.
Natasha is heavily wounded.
The cerulean imp barely misses you. Natasha closely misses you.
The cerulean imp hits you but does no damage.
The cerulean imp barely misses you. Natasha claws you!
You die...

###..###.............#
#....................#
#.........###........#
#######.........# #........#
#...............# #........#
#...............# #........#
#...............# #...(....#
#........####5#####..#######
#............5h@....##
#.........###########
#.........# #.......#
#.........# #.#####.#
#.........# #.#...#.#
#.........# #.#.#.#.#
#.......%)# #.#.#<#.#
#.........###.#.###.#
#########.....#.....#


You could see Natasha and 2 cerulean imps.

Vanquished Creatures
  Jessica (D:2)
  Natasha (twice) (D:2)
  An orc wizard (D:3)
  An adder (D:3)
  A worm (D:2)
  2 dart slugs (D:1)
  An orc (D:3)
  8 ball pythons
  7 endoplasms (D:1)
  5 giant cockroaches
  6 goblins
  8 hobgoblins
  2 jackals (D:2)
  2 quokkas
  4 bats (D:1)
  4 frilled lizards
  2 kobolds (D:1)
  4 rats
61 creatures vanquished.

Vanquished Creatures (others)
  2 orc wizards (D:3)
2 creatures vanquished.

Grand Total: 63 creatures vanquished

Notes
Turn   | Place    | Note
-------+----------+-------------------------------------------
     0 | D:1      | qw the Gargoyle Hexslinger began the quest for the Orb.
     0 | D:1      | Reached XP level 1. HP: 12/12 MP: 2/2
     0 | D:1      | 0 ||| qw: Version: 0.3-a-46-gb1f654a
     0 | D:1      | 0 ||| qw: Game counter: 1794
     0 | D:1      | 0 ||| qw: Melee chars always use a shield: true
     0 | D:1      | 0 ||| qw: God list: Okawaru
     0 | D:1      | 0 ||| qw: Allow faded altars: false
     0 | D:1      | 0 ||| qw: Do Orc after clearing Dungeon:15 true
     0 | D:1      | 0 ||| qw: Do second Lair branch before Depths: true
     0 | D:1      | 0 ||| qw: Lair rune preference: random
     0 | D:1      | 0 ||| qw: Goals: Normal
     0 | D:1      | 0 ||| PLANNING D:1-11
    50 | D:1      | Reached XP level 2. HP: 16/16 MP: 3/3
    96 | D:1      | 96 ||| FLEEEEING.
    98 | D:1      | 98 ||| FLEEEEING.
    99 | D:1      | 99 ||| FLEEEEING.
   100 | D:1      | 100 ||| FLEEEEING.
   105 | D:1      | 105 ||| FLEEEEING.
   108 | D:1      | Reached skill level 3 in Ranged Weapons
   128 | D:1      | 128 ||| FLEEEEING.
   217 | D:1      | Reached XP level 3. HP: 21/21 MP: 4/4
   567 | D:1      | 567 ||| UPGRADING to +3 ring mail.
   577 | D:1      | 577 ||| DROPPING +0 robe.
   578 | D:1      | 578 ||| READING scroll labelled ENURPH QATSON.
   579 | D:1      | 579 ||| READING scroll labelled URORRE UFUOTZ.
   580 | D:1      | 580 ||| READING scroll labelled ENGOYL ZAU.
   581 | D:1      | 581 ||| DROPPING scroll of poison.
   713 | D:2      | Noticed Jessica
   718 | D:2      | Killed Jessica
   719 | D:2      | Reached skill level 4 in Ranged Weapons
   719 | D:2      | Reached XP level 4. HP: 26/26 MP: 5/5
   823 | D:2      | Noticed Natasha
   827 | D:2      | Killed Natasha
   828 | D:2      | Reached skill level 1 in Armour
  1213 | D:2      | 1213 ||| UPGRADING to +0 cloak.
  1218 | D:2      | 1218 ||| READING 3 scrolls labelled COTHAP BUUD.
  1219 | D:2      | 1219 ||| DRINKING 2 glowing puce potions.
  1220 | D:2      | 1220 ||| DROPPING 2 scrolls of noise.
  1243 | D:2      | Noticed Natasha
  1257 | D:2      | HP: 4/26 [Natasha/magic dart (4)]
  1259 | D:2      | HP: 1/26 [Natasha/magic dart (3)]
  1260 | D:2      | Killed Natasha
  1261 | D:2      | Reached XP level 5. HP: 1/30 MP: 6/6
  1408 | D:3      | Found a hide-covered altar of Uskayaw.
  1552 | D:3      | 1552 ||| Stepping ~*~*~tactically~*~*~ (outnumbered).
  1561 | D:3      | 1561 ||| DRINKING potion of curing.
  1561 | D:3      | 1561 ||| (to cure confusion)
  1571 | D:3      | 1571 ||| FLEEEEING.
  1579 | D:3      | 1579 ||| FLEEEEING.
  1581 | D:3      | 1581 ||| FLEEEEING.
  1582 | D:3      | 1582 ||| FLEEEEING.
  1590 | D:3      | 1590 ||| FLEEEEING.
  1595 | D:3      | 1595 ||| FLEEEEING.
  1596 | D:3      | 1596 ||| FLEEEEING.
  1597 | D:3      | 1597 ||| FLEEEEING.
  1598 | D:3      | 1598 ||| FLEEEEING.
  1599 | D:3      | 1599 ||| FLEEEEING.
  1600 | D:3      | 1600 ||| FLEEEEING.
  1602 | D:3      | 1602 ||| FLEEEEING.
  1614 | D:3      | Reached skill level 5 in Ranged Weapons
  1614 | D:3      | 1614 ||| FLEEEEING.
  1617 | D:3      | 1617 ||| FLEEEEING.
  1618 | D:3      | 1618 ||| FLEEEEING.
  1619 | D:3      | 1619 ||| FLEEEEING.
  1620 | D:3      | 1620 ||| FLEEEEING.
  1621 | D:3      | 1621 ||| FLEEEEING.
  1622 | D:3      | 1622 ||| FLEEEEING.
  1623 | D:3      | 1623 ||| FLEEEEING.
  1624 | D:3      | 1624 ||| FLEEEEING.
  1625 | D:3      | 1625 ||| FLEEEEING.
  1632 | D:3      | 1632 ||| FLEEEEING.
  1633 | D:3      | 1633 ||| FLEEEEING.
  1634 | D:3      | 1634 ||| FLEEEEING.
  1635 | D:3      | 1635 ||| STAIRDANCE
  1637 | D:2      | Noticed Natasha
  1659 | D:2      | HP: 5/30 [Natasha/magic dart (4)]
  1663 | D:2      | Slain by Natasha

Levels and vault maps discovered:
D:1:      amcnicky_arrival_flooded_fountain, layout_basic,
          nicolae_concentric_dashed_squares_mild
D:2:      layout_basic, uniq_jessica, uniq_natasha
D:3:      layout_loops_cross, mainiacjoe_overflow_small_starburst

Skill      XL: |  1  2  3  4  5 |
---------------+----------------+-----
Ranged Weapons | 3 4 5 |  5.1
Fighting       | 2 |  2.0
Armour         | 1 |  1.8
Dodging        | |  1.5
Spellcasting   | |  1.0
Hexes          | |  2.6

Action                     |  1- 3 |  4- 6 || total
---------------------------+-------+-------++-------
   Fire: Sling             |   119 |   131 ||   250
    Use: Scroll            |     3 |     1 ||     4
         Potion            |       |     2 ||     2
 Armour: Robe              |    24 |       ||    24
         Ring mail         |    25 |    86 ||   111
  Dodge: Dodged            |    58 |    59 ||   117

Table legend:
 A = Non-vault XP
 B = Vault XP
 C = Vault XP percentage of total XP
 D = Non-vault monster count
 E = Vault monster count
 F = Vault count percentage of total count
                 A         B        C        D         E       F
            +---------+---------+-------+---------+---------+-------
      Total |     194 |      73 |  27.3 |      60 |       2 |   3.2
            +---------+---------+-------+---------+---------+-------
        D:1 |      57 |       0 |   0.0 |      31 |       0 |   0.0
        D:2 |      68 |      73 |  51.8 |      19 |       2 |   9.5
        D:3 |      69 |       0 |   0.0 |      10 |       0 |   0.0
            +---------+---------+-------+---------+---------+-------
